General information
- name: BNet
- type: Ladder team game (AT/RT)
- host: Battle.net
- saver: iNT]DOGANDHORSE
map: RiverOfSouls
- players: 6
- length: 50:46
- speed: Fast
- version: 1.26 W3XP
- replay type:

» download(365 KB)
Players
team 1 (loser)
Andre(9 (
red | 61 APM | 3105 actions | 50:44)
6 Death Knight
3 Death Coil
3 Unholy Aura
5 Lich
3 Frost Nova
2 Frost Armor
5 Crypt Lord
3 Impale
2 Spiked Carapace
1 Blademaster
1 Wind Walk
» actions
| Assign group hotkey | 22 | |
| Build / train | 88 | |
| Enter build submenu | 24 | |
| Enter hero's abilities submenu | 18 | |
| Give item / drop item | 8 | |
| Remove unit from queue | 4 | |
| Right click | 1241 | |
| Select / deselect | 665 | |
| Select group hotkey | 809 | |
| Use ability | 225 | |
3105 total
» units
| Acolyte | 3 | |
| Crypt Fiend | 15 | |
| Frost Wyrm | -1 | |
| Troll Batrider | 7 | |
24 total
» upgrades
| Web | 1 | |
| Burrow | 1 | |
| Creature Attack | 3 | |
| Creature Carapace | 1 | |
6 total
» buildings
| Altar of Darkness | 1 | |
| Ziggurat | 9 | |
| Crypt | 3 | |
| Tomb of Relics | 1 | |
| Graveyard | 1 | |
| Halls of the Dead | 1 | |
| Black Citadel | 1 | |
| Sacrificial Pit | 1 | |
| Boneyard | 2 | |
| Slaughterhouse | 2 | |
| Spirit Tower | 5 | |
| Nerubian Tower | 1 | |
| Necropolis | 1 | |
29 total
» build order
00:09 Altar of Darkness
00:11 Ziggurat
00:56 Crypt
01:02 Crypt
01:05 Crypt
01:10 Tomb of Relics
01:25 Ziggurat
01:36 Graveyard
01:56 Ziggurat
02:02 Halls of the Dead
04:27 Black Citadel
04:33 Sacrificial Pit
05:17 Ziggurat
05:54 Ziggurat
06:49 Boneyard
06:59 Boneyard
08:12 Ziggurat
08:16 Ziggurat
10:23 Ziggurat
10:30 Ziggurat
10:52 Slaughterhouse
11:03 Slaughterhouse
14:08 Spirit Tower
14:09 Spirit Tower
14:12 Spirit Tower
14:13 Nerubian Tower
14:14 Spirit Tower
24:40 Spirit Tower
25:53 Necropolis
» items
| Rod of Necromancy | 1 | |
| Dust of Appearance | 3 | |
| Healing Salve | 6 | |
| Potion of Healing | 6 | |
| Scroll of Town Portal | 5 | |
| Potion of Mana | 4 | |
| Orb of Corruption | 1 | |
| Lesser Clarity Potion | 1 | |
| Potion of Lesser Invulnerability | 1 | |
28 total
Asambale (
blue | 71 APM | 1952 actions | 27:18)
4 Blademaster
2 Wind Walk
2 Critical Strike
» actions
| Basic commands | 12 | |
| Build / train | 55 | |
| Enter build submenu | 30 | |
| Enter hero's abilities submenu | 4 | |
| Give item / drop item | 2 | |
| Right click | 1252 | |
| Select / deselect | 494 | |
| Use ability | 103 | |
1952 total
» units
| Peon | 13 | |
| Demolisher | 6 | |
| Troll Batrider | 6 | |
25 total
» upgrades
| Spiked Barricades | 3 | |
| Ranged Weapons | 3 | |
| Pillage | 1 | |
| Liquid Fire | 1 | |
| Reinforced Defenses | 1 | |
| Armor | 1 | |
10 total
» buildings
| Altar of Storms | 1 | |
| Orc Burrow | 8 | |
| Voodoo Lounge | 1 | |
| War Mill | 2 | |
| Watch Tower | 14 | |
| Barracks | 6 | |
| Stronghold | 1 | |
| Beastiary | 2 | |
| Fortress | 1 | |
| Great Hall | 2 | |
38 total
» build order
00:10 Altar of Storms
00:15 Orc Burrow
00:21 Voodoo Lounge
01:58 War Mill
03:11 Watch Tower
03:14 Watch Tower
03:17 Orc Burrow
03:20 Watch Tower
05:45 Barracks
05:45 Barracks
05:50 Orc Burrow
07:27 Barracks
07:28 Barracks
07:37 Barracks
07:43 Barracks
08:31 Stronghold
08:59 Watch Tower
09:03 Orc Burrow
11:09 Beastiary
11:12 Beastiary
14:03 Fortress
14:55 Orc Burrow
20:04 Orc Burrow
20:05 Orc Burrow
20:05 Orc Burrow
20:20 Great Hall
20:27 Watch Tower
20:28 Watch Tower
20:30 Watch Tower
20:30 Watch Tower
22:16 Watch Tower
22:17 Watch Tower
22:19 Watch Tower
22:20 Watch Tower
22:21 Watch Tower
22:22 Watch Tower
23:37 War Mill
26:14 Great Hall
» items
| Healing Salve | 3 | |
| Lesser Clarity Potion | 5 | |
| Scroll of Speed | 2 | |
| Boots of Speed | 1 | |
| Staff of Teleportation | 1 | |
| Orb of Lightning | 1 | |
13 total
BD2_ORKA (
yellow | 58 APM | 2917 actions | 50:09)
6 Blademaster
2 Wind Walk
3 Critical Strike
1 Bladestorm
» actions
| Assign group hotkey | 15 | |
| Basic commands | 1 | |
| Build / train | 76 | |
| Enter build submenu | 28 | |
| Enter hero's abilities submenu | 6 | |
| Give item / drop item | 5 | |
| Right click | 1901 | |
| Select / deselect | 710 | |
| Select group hotkey | 25 | |
| Use ability | 150 | |
2917 total
» units
| Peon | 15 | |
| Demolisher | 20 | |
| Troll Batrider | 3 | |
38 total
» upgrades
| Burning Oil | 1 | |
| Reinforced Defenses | 1 | |
| Ranged Weapons | 2 | |
4 total
» buildings
| Altar of Storms | 2 | |
| Orc Burrow | 9 | |
| War Mill | 1 | |
| Voodoo Lounge | 1 | |
| Watch Tower | 12 | |
| Stronghold | 1 | |
| Barracks | 2 | |
| Fortress | 1 | |
| Great Hall | 1 | |
30 total
» build order
00:16 Altar of Storms
00:19 Orc Burrow
02:02 Orc Burrow
03:38 War Mill
05:19 Voodoo Lounge
05:36 Watch Tower
05:38 Watch Tower
06:10 Stronghold
06:54 Orc Burrow
07:53 Barracks
08:38 Barracks
09:36 Orc Burrow
10:21 Orc Burrow
10:52 Fortress
11:24 Orc Burrow
20:15 Great Hall
20:42 Watch Tower
20:45 Watch Tower
20:55 Orc Burrow
21:25 Orc Burrow
21:53 Watch Tower
21:58 Watch Tower
22:00 Watch Tower
25:54 Watch Tower
25:56 Watch Tower
25:58 Watch Tower
26:00 Watch Tower
31:09 Orc Burrow
34:50 Watch Tower
40:09 Altar of Storms
» items
| Circlet of Nobility | 3 | |
| Dust of Appearance | 1 | |
| Healing Salve | 4 | |
| Lesser Clarity Potion | 6 | |
| Boots of Speed | 1 | |
| Potion of Lesser Invulnerability | 1 | |
| Orb of Lightning | 1 | |
| Potion of Mana | 4 | |
| Potion of Healing | 3 | |
| Scroll of Town Portal | 1 | |
25 total
team 2 (winner)
backintheUSSR (
orange | 106 APM | 5373 actions | 50:45)
6 Warden
3 Shadow Strike
3 Blink
4 Pandaren Brewmaster
2 Breath of Fire
1 Drunken Haze
1 Drunken Brawler
» actions
| Assign group hotkey | 7 | |
| Basic commands | 55 | |
| Build / train | 84 | |
| ESC pressed | 8 | |
| Enter build submenu | 24 | |
| Enter hero's abilities submenu | 10 | |
| Give item / drop item | 15 | |
| Right click | 3211 | |
| Select / deselect | 355 | |
| Select group hotkey | 1291 | |
| Use ability | 313 | |
5373 total
» units
» upgrades
» buildings
| Altar of Elders | 2 | |
| Moon Well | 18 | |
| Tree of Life | 5 | |
| Tree of Ages | 2 | |
| Tree of Eternity | 2 | |
| Ancient of Wonders | 2 | |
| Hunter's Hall | 1 | |
32 total
» build order
00:33 Altar of Elders
00:37 Moon Well
02:11 Moon Well
04:49 Tree of Life
05:57 Tree of Ages
08:46 Tree of Eternity
08:46 Tree of Eternity
08:55 Ancient of Wonders
08:57 Hunter's Hall
09:16 Ancient of Wonders
15:17 Moon Well
15:17 Moon Well
19:40 Altar of Elders
19:45 Moon Well
19:46 Moon Well
19:51 Moon Well
19:51 Moon Well
28:31 Tree of Life
34:43 Tree of Life
39:56 Tree of Life
40:03 Moon Well
40:03 Moon Well
40:04 Moon Well
40:05 Moon Well
41:50 Tree of Life
44:06 Moon Well
44:07 Moon Well
44:08 Moon Well
44:08 Moon Well
44:09 Moon Well
44:09 Moon Well
» items
| Staff of Teleportation | 2 | |
| Boots of Speed | 2 | |
| Dust of Appearance | 1 | |
| Healing Salve | 6 | |
| Lesser Clarity Potion | 8 | |
| Orb of Venom | 1 | |
| Staff of Sanctuary | 2 | |
| Orb of Lightning | 1 | |
23 total
GoToYurup (
purple | 90 APM | 4583 actions | 50:44)
4 Blademaster
2 Wind Walk
2 Critical Strike
» actions
| Assign group hotkey | 402 | |
| Basic commands | 31 | |
| Build / train | 72 | |
| ESC pressed | 10 | |
| Enter build submenu | 82 | |
| Enter hero's abilities submenu | 4 | |
| Right click | 2302 | |
| Select / deselect | 547 | |
| Select group hotkey | 830 | |
| Use ability | 302 | |
4583 total
» units
» upgrades
| Reinforced Defenses | 1 | |
| Liquid Fire | 1 | |
| Armor | 1 | |
3 total
» buildings
| Altar of Storms | 2 | |
| Orc Burrow | 5 | |
| War Mill | 1 | |
| Watch Tower | 59 | |
| Stronghold | 2 | |
| Voodoo Lounge | 3 | |
| Fortress | 2 | |
| Beastiary | 2 | |
76 total
» build order
00:02 Altar of Storms
00:03 Orc Burrow
00:23 War Mill
01:26 Orc Burrow
01:50 Watch Tower
02:07 Watch Tower
02:36 Watch Tower
02:55 Watch Tower
03:10 Watch Tower
03:37 Watch Tower
03:38 Watch Tower
03:45 Stronghold
03:46 Stronghold
03:59 Watch Tower
04:00 Watch Tower
04:06 Watch Tower
04:18 Watch Tower
04:20 Watch Tower
04:35 Watch Tower
04:40 Watch Tower
05:30 Voodoo Lounge
05:36 Voodoo Lounge
05:43 Watch Tower
05:44 Watch Tower
05:49 Watch Tower
06:12 Voodoo Lounge
06:22 Fortress
06:22 Fortress
06:42 Watch Tower
06:50 Watch Tower
06:53 Watch Tower
07:06 Beastiary
07:10 Beastiary
07:34 Orc Burrow
07:35 Orc Burrow
07:50 Watch Tower
07:56 Watch Tower
08:17 Watch Tower
09:29 Watch Tower
10:07 Watch Tower
10:31 Watch Tower
10:54 Watch Tower
11:07 Watch Tower
11:08 Watch Tower
11:18 Watch Tower
11:56 Watch Tower
12:43 Watch Tower
13:33 Watch Tower
13:39 Watch Tower
13:40 Watch Tower
13:59 Watch Tower
14:20 Watch Tower
14:21 Watch Tower
14:39 Watch Tower
14:40 Watch Tower
15:06 Watch Tower
15:26 Watch Tower
15:42 Watch Tower
15:48 Watch Tower
15:49 Watch Tower
15:56 Watch Tower
17:02 Watch Tower
17:03 Watch Tower
18:09 Watch Tower
18:10 Watch Tower
18:10 Watch Tower
18:20 Watch Tower
18:21 Watch Tower
19:15 Watch Tower
19:16 Watch Tower
19:17 Watch Tower
20:51 Watch Tower
20:52 Watch Tower
20:55 Watch Tower
28:35 Altar of Storms
28:38 Orc Burrow
» items
| Healing Salve | 1 | |
| Orb of Lightning | 1 | |
| Boots of Speed | 1 | |
| Staff of Teleportation | 1 | |
| Potion of Healing | 2 | |
| Scroll of Town Portal | 1 | |
| Lesser Clarity Potion | 3 | |
| Potion of Lesser Invulnerability | 2 | |
| Potion of Mana | 2 | |
| Circlet of Nobility | 3 | |
17 total
iNT]DOGANDHORSE (
teal | 127 APM | 6463 actions | 50:46)
4 Archmage
2 Blizzard
2 Brilliance Aura
4 Blood Mage
2 Banish
2 Flame Strike
» actions
| Assign group hotkey | 37 | |
| Basic commands | 34 | |
| Build / train | 194 | |
| Enter build submenu | 91 | |
| Enter hero's abilities submenu | 8 | |
| Give item / drop item | 4 | |
| Remove unit from queue | 3 | |
| Right click | 3656 | |
| Select / deselect | 803 | |
| Select group hotkey | 1277 | |
| Use ability | 356 | |
6463 total
» units
| Peasant | 23 | |
| Gryphon Rider | 22 | |
| Priest | 1 | |
46 total
» upgrades
| Masonry | 3 | |
| Magic Sentry | 1 | |
| Storm Hammers | 1 | |
| Swords | 3 | |
| Animal War Training | 1 | |
| Armor | 3 | |
| Cloud | 1 | |
| Priest Training | 2 | |
15 total
» buildings
| Altar of Kings | 1 | |
| Farm | 12 | |
| Lumber Mill | 1 | |
| Scout Tower | 112 | |
| Arcane Tower | 21 | |
| Guard Tower | 75 | |
| Keep | 1 | |
| Arcane Sanctum | 1 | |
| Town Hall | 2 | |
| Castle | 1 | |
| Arcane Vault | 1 | |
| Gryphon Aviary | 3 | |
| Barracks | 1 | |
| Blacksmith | 1 | |
233 total
» build order
00:08 Altar of Kings
00:20 Farm
00:35 Lumber Mill
00:54 Farm
01:28 Scout Tower
01:32 Scout Tower
01:55 Arcane Tower
01:55 Arcane Tower
01:56 Arcane Tower
01:57 Scout Tower
02:03 Guard Tower
02:03 Guard Tower
02:03 Guard Tower
02:04 Scout Tower
02:06 Scout Tower
02:23 Scout Tower
02:29 Guard Tower
02:33 Scout Tower
02:34 Scout Tower
02:35 Guard Tower
02:39 Scout Tower
02:49 Guard Tower
02:51 Guard Tower
02:52 Guard Tower
02:52 Guard Tower
03:07 Scout Tower
03:08 Scout Tower
03:09 Scout Tower
03:10 Arcane Tower
03:22 Guard Tower
03:36 Guard Tower
03:41 Guard Tower
03:50 Guard Tower
03:51 Scout Tower
04:27 Guard Tower
04:32 Scout Tower
04:33 Guard Tower
04:34 Scout Tower
04:36 Scout Tower
04:38 Guard Tower
04:40 Scout Tower
04:43 Scout Tower
04:53 Keep
04:58 Scout Tower
04:59 Scout Tower
05:00 Scout Tower
05:01 Scout Tower
05:02 Scout Tower
05:03 Scout Tower
05:07 Guard Tower
05:15 Guard Tower
05:33 Guard Tower
05:33 Guard Tower
05:34 Guard Tower
05:34 Guard Tower
05:35 Guard Tower
05:43 Guard Tower
05:56 Scout Tower
05:57 Guard Tower
05:57 Guard Tower
05:59 Guard Tower
06:00 Guard Tower
06:00 Guard Tower
06:00 Guard Tower
06:09 Guard Tower
06:10 Guard Tower
06:10 Guard Tower
06:10 Guard Tower
06:11 Guard Tower
06:11 Guard Tower
06:49 Guard Tower
06:49 Arcane Tower
07:11 Farm
07:12 Farm
07:25 Arcane Sanctum
07:29 Scout Tower
07:29 Scout Tower
07:30 Scout Tower
07:31 Scout Tower
07:33 Guard Tower
07:34 Scout Tower
07:36 Scout Tower
07:38 Scout Tower
07:38 Scout Tower
08:39 Farm
08:47 Guard Tower
08:48 Scout Tower
09:07 Town Hall
09:11 Guard Tower
09:26 Guard Tower
09:28 Scout Tower
09:29 Scout Tower
09:42 Scout Tower
10:13 Guard Tower
10:15 Arcane Tower
10:15 Arcane Tower
10:16 Arcane Tower
10:20 Guard Tower
10:32 Guard Tower
10:36 Scout Tower
10:36 Scout Tower
10:37 Scout Tower
10:37 Scout Tower
10:47 Scout Tower
10:52 Scout Tower
10:52 Scout Tower
10:53 Scout Tower
10:54 Scout Tower
10:55 Scout Tower
11:10 Castle
11:33 Arcane Vault
11:54 Guard Tower
11:59 Scout Tower
12:07 Guard Tower
12:07 Guard Tower
12:08 Arcane Tower
12:08 Arcane Tower
12:31 Arcane Tower
12:48 Scout Tower
12:49 Scout Tower
12:50 Scout Tower
12:51 Scout Tower
13:10 Scout Tower
13:50 Guard Tower
14:39 Guard Tower
14:39 Guard Tower
14:44 Scout Tower
14:45 Scout Tower
14:46 Scout Tower
14:47 Scout Tower
14:48 Scout Tower
14:48 Scout Tower
14:59 Scout Tower
15:00 Scout Tower
15:18 Scout Tower
15:18 Scout Tower
15:42 Gryphon Aviary
15:46 Guard Tower
16:13 Guard Tower
16:50 Arcane Tower
17:19 Barracks
17:23 Arcane Tower
17:26 Gryphon Aviary
17:31 Scout Tower
17:33 Scout Tower
17:34 Scout Tower
17:35 Guard Tower
17:36 Guard Tower
18:09 Guard Tower
18:09 Guard Tower
18:11 Scout Tower
18:12 Scout Tower
18:13 Scout Tower
18:14 Scout Tower
18:17 Scout Tower
18:17 Scout Tower
18:18 Scout Tower
18:19 Scout Tower
18:19 Scout Tower
19:05 Guard Tower
19:08 Guard Tower
19:43 Guard Tower
19:48 Blacksmith
20:11 Scout Tower
20:12 Scout Tower
20:12 Scout Tower
20:13 Scout Tower
20:15 Scout Tower
20:15 Scout Tower
20:16 Scout Tower
20:37 Guard Tower
20:44 Scout Tower
20:46 Scout Tower
20:48 Scout Tower
20:49 Scout Tower
20:50 Scout Tower
21:57 Guard Tower
22:01 Scout Tower
22:02 Scout Tower
22:02 Scout Tower
22:04 Scout Tower
22:04 Scout Tower
22:05 Scout Tower
22:05 Scout Tower
22:06 Scout Tower
22:07 Scout Tower
22:08 Scout Tower
23:21 Guard Tower
23:48 Arcane Tower
23:48 Guard Tower
23:49 Guard Tower
23:50 Guard Tower
25:33 Guard Tower
25:53 Guard Tower
31:05 Town Hall
32:31 Farm
32:32 Farm
32:33 Farm
33:32 Farm
33:32 Farm
33:32 Farm
33:33 Farm
33:54 Scout Tower
33:55 Scout Tower
33:56 Scout Tower
33:56 Scout Tower
34:24 Arcane Tower
34:48 Guard Tower
35:25 Guard Tower
35:44 Gryphon Aviary
36:00 Guard Tower
47:47 Scout Tower
47:47 Scout Tower
47:48 Scout Tower
47:48 Scout Tower
47:50 Scout Tower
47:51 Scout Tower
47:52 Scout Tower
47:52 Scout Tower
47:53 Scout Tower
48:41 Arcane Tower
48:44 Arcane Tower
48:45 Arcane Tower
48:55 Scout Tower
49:38 Scout Tower
49:52 Arcane Tower
» items
| Boots of Speed | 2 | |
| Healing Salve | 4 | |
| Lesser Clarity Potion | 5 | |
| Orb of Lightning | 1 | |
| Staff of Teleportation | 1 | |
| Staff of Sanctuary | 2 | |
| Scroll of Town Portal | 1 | |
16 total
Chat log
(00:37 / All) Andre(9: gglhf
(10:09 / All) backintheUSSR: lmao
(26:53 / All) Andre(9: hahah
(27:18 / All) BD2_ORKA: his mom imba
(27:19 / All) GoToYurup: go 2 bed
(27:21 / All) Andre(9: of course _:P
(27:23 / All) GoToYurup: stop getting owned
(28:38 / All) Andre(9: owned
(28:52 / All) Andre(9: bäääm
(38:25 / All) iNT]DOGANDHORSE: leave
(38:27 / All) iNT]DOGANDHORSE: baam
(38:29 / All) backintheUSSR: gg
(38:32 / All) backintheUSSR: gg
(38:32 / All) backintheUSSR: gg
(38:33 / All) backintheUSSR: gg
(38:34 / All) backintheUSSR: gg
(38:34 / All) backintheUSSR: gg
(38:34 / All) backintheUSSR: gg
(38:35 / All) backintheUSSR: gg
(38:42 / All) backintheUSSR: gg
(38:43 / All) backintheUSSR: gg
(38:46 / All) backintheUSSR: gg
(41:58 / All) iNT]DOGANDHORSE: hey you gross red
(42:00 / All) GoToYurup: hey undead you are despicable
(42:04 / All) GoToYurup: baaaam quit this game swenoob
(42:11 / All) backintheUSSR: böööm
(42:26 / All) GoToYurup: bååååm
(43:26 / All) Andre(9: 2 life
(43:28 / All) Andre(9: lol
(43:31 / All) GoToYurup: 2 life 2 furious
(43:33 / All) backintheUSSR: yea....u got 0 life
(43:34 / All) GoToYurup: yo ANDRE quit the fuckin game
(43:36 / All) GoToYurup: ok
(43:39 / All) GoToYurup: you're not Andre 3000
(43:44 / All) GoToYurup: you shouldn't stay in the game for 3000 minutes
(44:36 / All) GoToYurup: grow a pair
(44:37 / All) GoToYurup: of ducks
(44:45 / All) iNT]DOGANDHORSE: suck a juicy christmas duck
(46:31 / All) GoToYurup: good impale
(46:37 / All) GoToYurup: bäääämf
(46:47 / Allies) backintheUSSR: ä
(48:06 / All) GoToYurup: heat death of ur base is imminent
(48:43 / All) GoToYurup: quit you scroogenoobs
(48:47 / All) GoToYurup: dont you know it's christmas
(49:17 / All) GoToYurup: nice try
(49:19 / All) GoToYurup: long pause
(49:20 / All) GoToYurup: not
(50:00 / All) iNT]DOGANDHORSE: LOL
(50:00 / All) GoToYurup: look here comes the noob undead
(50:04 / All) GoToYurup: pa rum pa pum pum
(50:12 / All) Andre(9: lucky win
(50:14 / All) iNT]DOGANDHORSE: LOL
(50:15 / All) iNT]DOGANDHORSE: LOL
(50:16 / All) iNT]DOGANDHORSE: LOL
(50:16 / All) GoToYurup: thou sucketh
(50:16 / All) iNT]DOGANDHORSE: LOL
(50:17 / All) iNT]DOGANDHORSE: LOL
(50:17 / All) iNT]DOGANDHORSE: LOL
(50:18 / All) iNT]DOGANDHORSE: LUCKY
(50:19 / All) iNT]DOGANDHORSE: WIN
(50:20 / All) iNT]DOGANDHORSE: LOL
(50:20 / All) GoToYurup: Thou sucketh intensely
(50:33 / All) GoToYurup: accept you're defeat red... shitnoob undead
(50:37 / All) Andre(9: lucker lucker lcuker
(50:40 / All) iNT]DOGANDHORSE: LOL!!!!!!!!!!!